 Dungeon Crawl Stone Soup version 0.16.0-17-g811c1d7 (console) character file.

15 gw the Skirmisher (level 2, 0/26 HPs)
             Began as a Centaur Abyssal Knight on Mar 22, 2015.
             Was a Follower of Lugonu.
             Slain by a kobold
             ... wielding a +0 club
              (1 damage)
             ... on level 1 of the Dungeon.
             The game lasted 00:00:57 (691 turns).

gw the Skirmisher (Centaur Abyssal Knight)           Turns: 691, Time: 00:00:57

Health: 0/26       AC:  4    Str: 14    XL:     2   Next: 34%
Magic:  2/2        EV:  9    Int: 11    God:    Lugonu [*.....]
Gold:   26         SH:  0    Dex:  8    Spells: 0 memorised, 1 level left

rFire  . . .     SeeInvis .     a - +1 spear
rCold  . . .     Clarity  .     b - +0 leather armour
rNeg   . . .     SustAb   .     (no shield)
rPois  .         Gourm    .     (no helmet)
rElec  .         Spirit   .     (no cloak)
rCorr  .         Warding  .     (no gloves)
rMut   .         Stasis   .     (no barding)
MR     .....                    (no amulet)
Stlth  ..........               (no ring)
                                (no ring)

@: very quick, not resistant to hostile enchantments, extremely unstealthy
A: hooves 3, deformed body, speed 2, tough skin 3
a: Depart the Abyss, Renounce Religion


You were on level 1 of the Dungeon.
You worshipped Lugonu.
Lugonu was aware of your devotion.
You were not hungry.

You visited 1 branch of the dungeon, and saw 1 of its levels.
You visited the Abyss 1 time.

You collected 26 gold pieces.

Inventory:

Hand weapons
 a - a +1 spear (weapon)
Armour
 b - a +0 leather armour (worn)
Scrolls
 e - a scroll of teleportation {unknown}
Comestibles
 c - a bread ration
 d - 3 fruits


   Skills:
 + Level 3.1 Fighting
 + Level 2.1 Polearms
 + Level 1.5 Armour
 - Level 0.6 Dodging
 + Level 2.4 Invocations


You had one spell level left.
You didn't know any spells.

Dungeon Overview and Level Annotations

Branches:
Dungeon (1/15)

Altars:


Innate Abilities, Weirdness & Mutations

You have hooves in place of feet.
Armour fits poorly on your strangely shaped body.
You cover ground very quickly.
You have extremely tough skin (AC +3).


Message History

Unknown command.
Unknown command.
ATTACKING (-1,-1)
You barely miss the goblin. Your kick misses the goblin.
The bat hits you but does no damage. The giant gecko closely misses you.
The goblin barely misses you. The hobgoblin barely misses you.
The goblin hits you with a club. The kobold closely misses you.
The giant gecko closely misses you.
Unknown command.
Unknown command.
Unknown command.
Unknown command.
ATTACKING (-1,-1)
You hit the goblin. Your kick misses the goblin.
The goblin is severely wounded.
The bat barely misses you. The hobgoblin barely misses you.
The goblin closely misses you. The hobgoblin barely misses you.
The goblin hits you with a club. The giant gecko barely misses you.
The kobold hits you with a club.
You die...

..#### #..
#.# .# . #.#
##.
##.###.#...
#.# ..
#..........
### ..
#.......#..
# .
#.......# #
#.......# #
#.......# #
#.ggg...#...
#
#.gcl......#
#.K........#
#...b......
##.###....$
## ... .....
.# .... ...
.# .... . .#
### .(... .#
#.. >..


You could see a giant gecko, 2 hobgoblins, 2 goblins, a bat and a kobold.

Table legend:
 A = Turns spent in this place as a percentage of turns spent in the entire game.
 B = Non-inter-level travel turns spent in this place as a percentage of non-inter-level travel turns spent in the entire game.
 C = Inter-level travel turns spent in this place as a percentage of turns spent in this place.
 D = Turns resting spent in this place as a percentage of non-inter-level travel turns spent in this place.
 E = Turns spent auto-exploring this place as a percentage of non-inter-level travel turns spent in this place.
 F = Non-inter-level travel turns spent in this place divided by the number of levels of this place that you've seen.
                   A       B       C       D       E      F
               +-------+-------+-------+-------+-------+----------------------
         Total | 100.0 | 100.0 |   0.0 |   1.0 |   2.3 | 583.5
       Dungeon |  95.9 |  95.9 |   0.0 |   1.1 |   2.1 | 1119.0
         Abyss |   4.1 |   4.1 |   0.0 |   0.0 |   6.2 |  48.0
               +-------+-------+-------+-------+-------+----------------------

Table legend:
 A = Kills in this place as a percentage of kills in entire the game.
 B = Kills by you in this place as a percentage of kills by you in the entire game.
 C = Kills by friends in this place as a percentage of kills by friends in the entire game.
 D = Other kills in this place as a percentage of other kills in the entire game.
 E = Experience gained in this place as a percentage of experience gained in the entire game.
 F = Experience gained in this place divided by the number of levels of this place that you have seen.
                   A       B       C       D       E      F
               +-------+-------+-------+-------+-------+----------------------
         Total | 100.0 | 100.0 |  -nan |  -nan | 100.0 |  11.0
       Dungeon | 100.0 | 100.0 |  -nan |  -nan | 100.0 |  22.0
               +-------+-------+-------+-------+-------+----------------------

Vanquished Creatures
  2 goblins (D:1)
  2 hobgoblins (D:1)
  A bat (D:1)
  A giant newt (D:1)
  5 kobolds (D:1)
  4 rats (D:1)
15 creatures vanquished.

Notes
Turn   | Place    | Note
--------------------------------------------------------------
     0 | Abyss:1  | gw, the Centaur Abyssal Knight, began the quest for the Orb.
     0 | Abyss:1  | Reached XP level 1. HP: 19/19 MP: 1/1
    34 | Abyss:1  | Found a corrupted altar of Lugonu.
    49 | Abyss:1  | Noticed a jelly
    50 | D:1      | Escaped the Abyss
   388 | D:1      | Acquired Lugonu's first power
   528 | D:1      | Reached XP level 2. HP: 26/26 MP: 2/2
   691 | D:1      | HP: 1/26 [goblin/club (3)]
   691 | D:1      | Slain by a kobold

Action                   || total
-------------------------++-------
Melee: Spear             ||    43
Invok: Depart the Abyss  ||     1

Vault maps used:
D:1:      lightli_arrival_noodles
